 Dungeon Crawl Stone Soup version 0.29.1-2-gbd0b4ee654 (webtiles) character file.

Game seed: 11519620501425479145

31940 Hadkhar the Fighter (level 14, -8/106 HPs)
             Began as a Djinni Air Elementalist on Oct 28, 2022.
             Was a High Priest of Makhleb.
             Engulfed by a bog body's freezing vapour (13 damage)
             ... on level 3 of the Lair of Beasts on Oct 29, 2022.
             The game lasted 01:48:19 (20389 turns).

Hadkhar the Fighter (Djinni Air Elementalist)      Turns: 20389, Time: 01:48:19

Health: -8/106     AC: 21    Str: 18    XL:     14   Next: 0%
Gold:   904        EV: 11    Int: 28    God:    Makhleb [*****.] SH:  0 Dex: 20

rFire   + . .      SeeInvis +   q - +8 dagger "Vainad" {drain, Fly Will- Str+3 Int+4}
rCold   x . .      Faith    +   (no shield)
rNeg    . . .      Spirit   .   G - +0 scale mail of Jabin {+Blink rF- Dex+4}
rPois   ∞          Reflect  .   O - +2 helmet
rElec   .          Harm     .   I - +2 cloak
rCorr   .          Rampage  .   N - +1 pair of gloves of Absence {Fly Will- Int+4}
Will    .....                   (boots unavailable)
Stlth   ..........              n - amulet "Xynnuh" {Faith Will+ Str+2 SInv}
HPRegen 0.27/turn               v - +6 ring of strength
MPRegen 0.00/turn               i - +4 ring of protection

@: confused, ambrosia-drunk, flying
A: sickness immunity, fire resistance 2, cold vulnerability 1, float, innate
caster, HP casting, extra vitality 1
a: Renounce Religion, Evoke Blink, Minor Destruction, Lesser Servant of Makhleb,
Major Destruction, Greater Servant of Makhleb


You were on level 3 of the Lair of Beasts.
You worshipped Makhleb.
Makhleb was extremely pleased with you.
You visited 3 branches of the dungeon, and saw 15 of its levels.

You collected 1384 gold pieces.
You spent 480 gold pieces at shops.

Inventory:

Hand Weapons
 q - the +8 dagger "Vainad" (weapon) {drain, Fly Will- Str+3 Int+4}
   (You took it off a kobold on level 3 of the Dungeon)

   A truly terrible weapon, it drains the life of any living foe it strikes.
   Str:       It affects your strength (+3).
   Int:       It affects your intelligence (+4).
   Fly:       It grants you flight.
   Will:      It decreases your willpower.
 x - a +4 glaive of venom
 F - a +0 scimitar
Armour
 G - the +0 scale mail of Jabin (worn) {+Blink rF- Dex+4}
   (You found it on level 5 of the Dungeon)

   Dex:       It affects your dexterity (+4).
   rF:        It makes you vulnerable to fire.
   +Blink:    It lets you blink.
 I - a +2 cloak (worn)
 L - a +2 robe of positive energy
 N - the +1 pair of gloves of Absence (worn) {Fly Will- Int+4}
   (You acquired it on level 8 of the Dungeon)

   Int:       It affects your intelligence (+4).
   Fly:       It grants you flight.
   Will:      It decreases your willpower.
 O - a +2 helmet (worn)
 P - the +0 pair of fencer's gloves {Riposte Dex+3}
   (You found it on level 11 of the Dungeon)

   It allows the wearer to riposte with melee weapons, swiftly retaliating
   against missed or blocked melee attacks.
   Dex:       It affects your dexterity (+3).
Jewellery
 d - a ring of resist corrosion
 g - an amulet of reflection
 i - a +4 ring of protection (right hand)
 n - the amulet "Xynnuh" (around neck) {Faith Will+ Str+2 SInv}
   (You acquired it on level 9 of the Dungeon)

   [amulet of faith]

   It allows you to gain divine favour quickly.
   Str:       It affects your strength (+2).
   SInv:      It lets you see invisible.
   Will:      It increases your willpower.
 u - a ring of positive energy
 v - a +6 ring of strength (left hand)
 w - a ring of protection from cold
 B - a +4 ring of slaying
 D - a ring of ice
 T - a ring of wizardry
Wands
 a - a wand of roots (8)
 h - a wand of digging (6)
 s - a wand of flame (47)
 H - a wand of acid (6)
 S - a wand of polymorph (6)
 V - a wand of mindburst (3)
Scrolls
 c - 4 scrolls of teleportation
 k - a scroll of enchant weapon {unknown}
 o - a scroll of fear
 r - a scroll of vulnerability
 t - a scroll of amnesia {unknown}
 y - 3 scrolls of enchant armour
 C - 2 scrolls of butterflies {unknown}
 E - 4 scrolls of magic mapping
 Q - 3 scrolls of immolation {unknown}
 R - 3 scrolls of summoning
Potions
 b - 3 potions of ambrosia
 e - 2 potions of invisibility
 f - a potion of might
 j - 3 potions of mutation
 l - 2 potions of lignification
 m - 4 potions of curing
 p - 5 potions of resistance
 z - 2 potions of cancellation
 A - 4 potions of brilliance
 K - a potion of degeneration {unknown}
 M - a potion of attraction {unknown}
 U - 2 potions of haste {unknown}
Miscellaneous
 J - a box of beasts


   Skills:
 + Level 11.7 Fighting
 + Level 9.3 Short Blades
 + Level 9.5 Armour
 - Level 2.1 Dodging
 - Level 4.0 Stealth
 + Level 10.9 Spellcasting


You had 5 spell levels left.
You knew the following spells:

 Your Spells              Type           Power      Damage    Failure   Level
a - Shock                 Conj/Air       100%       1d9       1%          1
b - Static Discharge      Conj/Air       66%        3-12/arc  1%          2
c - Swiftness             Air            66%        N/A       1%          3
d - Airstrike             Air            33%        2d(5-21)  1%          4
e - Slow                  Hex            100%       N/A       1%          1
f - Passwall              Tmut/Erth      55%        N/A       1%          2
g - Confusing Touch       Hex            66%        N/A       1%          3
h - Anguish               Hex/Necr       33%        N/A       1%          4
i - Cause Fear            Hex            33%        N/A       1%          4
j - Summon Forest         Summ/Tloc      33%        N/A       3%          5
Your spell library was empty.

Dungeon Overview and Level Annotations

Branches:
Dungeon (11/15)            Temple (1/1) D:4            Lair (3/5) D:11
  Swamp (0/4) Lair:3        Snake (0/4) Lair:2
    Orc: D:9-12

Altars:
Ashenzari
Cheibriados
Dithmenos
Elyvilon
Fedhas
Gozag
Hepliaklqana
Makhleb
Nemelex Xobeh
Okawaru
Qazlal
Ru
Trog
Uskayaw
Wu Jian
Xom
Yredelemnul
Zin
The Shining One

Shops:
D:2 (   D:3 ?   D:5 *   D:8 =


Innate Abilities, Weirdness & Mutations

You are immune to sickness and miasma.
You are immune to poison.
Your flesh is very heat resistant. (rF++)
You are vulnerable to cold. (rC-)
You float through the air rather than walking.
You learn spells naturally, not from books.
Your magical power is your life essence.
You have superior vitality. (+4 MHP)


Message History

The bog body is moderately damaged.
You hit the bog body.
The bog body is heavily damaged.
The bog body touches you. The bog body freezes you!
You feel a terrible chill!
You hit the bog body.
The bog body is heavily damaged.
You completely miss the bog body.
The bog body is heavily damaged.
The bog body misses you.
You closely miss the bog body.
The bog body is heavily damaged.
You hit the bog body.
The bog body is severely damaged.
The bog body touches you but does no damage.
The bog body points at you and mumbles some strange words.
The bolt of cold hits you!!
You feel a terrible chill!
You hit the bog body.
The bog body is severely damaged.
You are engulfed in freezing vapours.
You hit the bog body.
The bog body is almost destroyed.
You are engulfed in freezing vapours.
The bog body points at you and mumbles some strange words.
The bolt of cold hits you!!
You feel a terrible chill!
* * * LOW HITPOINT WARNING * * *
Unknown command.
You are confused.
You feel invigorated.
You are engulfed in freezing vapours.
* * * LOW HITPOINT WARNING * * *
A bog body comes into view.
The bog body casts a spell at you. The bolt of cold hits you!
You feel a terrible chill!
* * * LOW HITPOINT WARNING * * *
You are too confused!
You are too confused!
You are too confused!
The bog body points at you and mumbles some strange words.
The bolt of cold misses you.
You bump into the tree.
You are engulfed in freezing vapours.
You die...

.###.....##PP...♣..♣..###.......#
###.#...#.......♣..♣..#.........#
#.##....#......♣♣..♣♣...........#
..[.....#......♣~♣.≈♣...........#
.......>.......♣≈..~♣..).........
.#.............♣~♣.~♣.......##..P
........#......♣≈..≈♣....###.#..P
.#..........#.♣♣≈♣.♣♣♣...#####..P
........#...#.♣♣@n.♣ ♣....# #...#
........... ..♣♣≈.♣≈♣♣...## #...#
#######..###..♣♣~..≈♣♣....# #...#
# #........♣♣~♣.~♣♣....# ##..#
#.......♣♣n.§~♣♣...## #... #
##.......♣♣§♣n§♣♣...#####... #
#........♣♣§..♣♣♣...##P#P..# #
##....<...♣§§ ♣...........# #
##........♣§§ ♣...........#


You could see 3 bog bodies.

Vanquished Creatures
  A dire elephant (Lair:1)
  4 hydras
  Erolcha (D:9)
  A catoblepas (Lair:1)
  3 two-headed ogres
  3 death yaks
  An ugly thing (D:11)
  A black mamba (Lair:1)
  2 cane toads
  Maggie (D:8)
  2 unseen horrors (D:11)
  7 komodo dragons
  A rime drake (Lair:1)
  2 trolls (D:9)
  2 polar bears
  A hornet (D:8)
  A vampire (D:11)
  Sigmund (D:6)
  2 shadows
  A wraith (D:11)
  3 wyverns
  2 basilisks
  40 yaks
  3 steam dragons
  4 vampire mosquitoes
  A swamp worm (Lair:3)
  8 water moccasins
  2 orc warriors
  5 sky beasts
  4 ice beasts
  An ogre (D:6)
  2 black bears
  2 centaurs
  20 wolves
  A phantom (D:5)
  4 kobold brigands
  5 bullfrogs
  2 scorpions
  3 wights (D:8)
  11 killer bees
  2 electric eels (D:9)
  4 howler monkeys
  3 jellies
  5 hounds
  6 orc priests
  Crazy Yiuf (D:6)
  3 gnoll boudas
  4 iguanas
  8 orc wizards
  Robin (D:4)
  15 gnolls
  5 adders
  2 shadow imps (D:6)
  An ufetubus (D:5)
  A worm (D:4)
  2 dart slugs (D:5)
  26 orcs
  4 bats
  9 endoplasms
  5 giant cockroaches
  20 goblins
  11 hobgoblins
  4 jackals (D:1)
  6 quokkas
  8 ball pythons
  19 kobolds
  8 rats
344 creatures vanquished.

Vanquished Creatures (collateral kills)
  Fannar (Lair:2)
  2 cane toads (Lair:2)
  A rime drake (Lair:3)
  13 yaks
  2 wyverns
  A basilisk (Lair:3)
  3 wolves (Lair:3)
  A bush (Lair:3)
24 creatures vanquished.

Vanquished Creatures (others)
  A cane toad (Lair:3)
  A sky beast (D:6)
  2 howler monkeys (D:8)
  An orc (D:7)
  23 fungi
  25 plants
  A snaplasher vine (Lair:2)
  11 toadstools (Lair:1)
65 creatures vanquished.

Grand Total: 433 creatures vanquished

Notes
Turn   | Place    | Note
-------+----------+-------------------------------------------
     0 | D:1      | Hadkhar the Djinni Air Elementalist began the quest for the
                  | Orb.
     0 | D:1      | Hadkhar set off with the following spells memorised: Shock,
                  | Static Discharge, Swiftness, Airstrike.
     0 | D:1      | Reached XP level 1. HP: 15/15 MP: 0/0
   275 | D:1      | Reached XP level 2. HP: 11/22 MP: 0/0
   948 | D:1      | Reached skill level 1 in Fighting
   948 | D:1      | Reached XP level 3. HP: 27/27 MP: 0/0
   948 | D:1      | Learned a level 1 spell: Slow
  1070 | D:1      | Found a faded altar of an unknown god.
  1495 | D:2      | Found Riruoq's Weapon Shop.
  1908 | D:2      | Reached XP level 4. HP: 29/32 MP: 0/0
  2277 | D:3      | Identified the +8 dagger "Vainad" {drain, Fly Will- Str+3
                  | Int+4}
  2368 | D:3      | Found Sethosh's Magic Scroll Shop.
  2370 | D:3      | Reached XP level 5. HP: 28/38 MP: 0/0
  2370 | D:3      | Learned a level 2 spell: Passwall
  2576 | D:3      | Reached skill level 2 in Fighting
  3539 | D:4      | Reached XP level 6. HP: 41/44 MP: 0/0
  3543 | D:4      | Noticed Robin
  3550 | D:4      | Killed Robin
  3551 | D:4      | Reached skill level 1 in Short Blades
  4141 | D:4      | Found a staircase to the Ecumenical Temple.
  4208 | Temple   | Entered the Ecumenical Temple
  4208 | Temple   | Found a transporter.
  4208 | Temple   | Found a transporter.
  4218 | Temple   | Found a transporter.
  4218 | Temple   | Found a transporter.
  4246 | Temple   | Became a worshipper of Makhleb the Destroyer
  4903 | D:5      | Entered Level 5 of the Dungeon
  4968 | D:5      | Noticed an ice beast
  4977 | D:5      | Killed an ice beast
  4978 | D:5      | Reached XP level 7. HP: 41/49 MP: 0/0
  4978 | D:5      | Learned a level 3 spell: Confusing Touch
  5106 | D:5      | Reached skill level 3 in Fighting
  5532 | D:5      | Found Aseck's Assorted Antiques.
  5680 | D:5      | Reached XP level 8. HP: 45/56 MP: 0/0
  5764 | D:5      | Identified the +0 scale mail of Jabin {+Blink rF- Dex+4}
  5984 | D:5      | Reached skill level 5 in Spellcasting
  6265 | D:6      | Reached skill level 4 in Fighting
  6334 | D:6      | Found a runed translucent door.
  6335 | D:6      | Noticed Crazy Yiuf
  6341 | D:6      | Killed Crazy Yiuf
  6544 | D:6      | Noticed Sigmund
  6555 | D:6      | Killed Sigmund
  6581 | D:6      | Reached XP level 9. HP: 29/64 MP: 0/0
  6581 | D:6      | Learned a level 4 spell: Anguish
  6662 | D:6      | Reached skill level 5 in Fighting
  7640 | D:7      | Reached skill level 6 in Fighting
  7674 | D:7      | Reached * piety under Makhleb
  8139 | D:6      | Reached XP level 10. HP: 50/73 MP: 0/0
  8704 | D:7      | Found a glowing silver altar of Zin.
  8880 | D:8      | Reached skill level 7 in Fighting
  8880 | D:8      | Reached skill level 1 in Armour
  8956 | D:8      | Found Bilois's Jewellery Boutique.
  9513 | D:8      | Identified 2 scrolls of acquirement
  9513 | D:8      | Acquired the +1 pair of gloves of Absence {Fly Will- Int+4}
  9539 | D:8      | Acquired 561 gold pieces
  9562 | D:8      | Bought an amulet of reflection for 480 gold pieces
 10009 | D:8      | Noticed Maggie
 10014 | D:8      | Killed Maggie
 10015 | D:8      | Reached ** piety under Makhleb
 10226 | D:8      | Reached skill level 8 in Fighting
 10250 | D:8      | Reached XP level 11. HP: 48/81 MP: 0/0
 10250 | D:8      | Learned a level 4 spell: Cause Fear
 10427 | D:8      | Found a snail-covered altar of Cheibriados.
 10429 | D:8      | Found a broken altar of Ashenzari.
 10544 | D:8      | Reached skill level 5 in Short Blades
 11117 | D:9      | Noticed a two-headed ogre
 11121 | D:9      | Killed a two-headed ogre
 11315 | D:9      | Acquired the amulet "Xynnuh" {Faith Will+ Str+2 SInv}
 11459 | D:9      | Noticed a two-headed ogre
 11462 | D:9      | Killed a two-headed ogre
 11463 | D:9      | Reached skill level 5 in Armour
 11878 | D:9      | Noticed Erolcha
 11907 | D:9      | Killed Erolcha
 11908 | D:9      | Reached skill level 9 in Fighting
 12108 | D:10     | Entered Level 10 of the Dungeon
 12575 | D:10     | Reached *** piety under Makhleb
 13143 | D:11     | Found the +0 pair of fencer's gloves {Riposte Dex+3}
 13170 | D:11     | Noticed a death yak
 13171 | D:11     | Noticed a death yak
 13193 | D:11     | Noticed a death yak
 13282 | D:10     | Killed a death yak
 13283 | D:10     | Reached XP level 12. HP: 53/90 MP: 0/0
 13571 | D:11     | Found a staircase to the Lair.
 13711 | D:11     | Killed a death yak
 13750 | D:11     | Killed a death yak
 14184 | D:11     | Noticed a two-headed ogre
 14193 | D:11     | Killed a two-headed ogre
 15106 | D:11     | Reached skill level 10 in Fighting
 15238 | Lair:1   | Entered Level 1 of the Lair of Beasts
 15249 | Lair:1   | Noticed a seven-headed hydra
 15256 | Lair:1   | Killed a seven-headed hydra
 15417 | Lair:1   | Reached **** piety under Makhleb
 15563 | Lair:1   | Noticed a four-headed hydra
 15570 | Lair:1   | Killed a four-headed hydra
 15571 | Lair:1   | Reached skill level 10 in Spellcasting
 16142 | Lair:1   | Noticed a five-headed hydra
 16178 | Lair:1   | Killed a five-headed hydra
 16179 | Lair:1   | Reached XP level 13. HP: 92/97 MP: 0/0
 16179 | Lair:1   | Learned a level 5 spell: Summon Forest
 16560 | Lair:1   | Found a runed translucent door.
 16602 | Lair:1   | Reached ***** piety under Makhleb
 16853 | Lair:1   | Noticed a catoblepas
 16853 | Lair:1   | Noticed a dire elephant
 16890 | Lair:1   | Killed a catoblepas
 16912 | Lair:1   | HP: 2/98 [dire elephant (17)]
 17316 | Lair:1   | Killed a dire elephant
 17317 | Lair:1   | Reached skill level 11 in Fighting
 17700 | Lair:2   | Noticed Fannar
 17721 | Lair:2   | Killed Fannar
 18624 | Lair:2   | Found a staircase to the Snake Pit.
 19641 | Lair:3   | Noticed a five-headed hydra
 19652 | Lair:3   | Killed a five-headed hydra
 20172 | Lair:3   | Reached XP level 14. HP: 84/106 MP: 0/0
 20378 | Lair:3   | Found a staircase to the Swamp.
 20387 | Lair:3   | HP: 2/106 [bog body/bolt of cold (16)]
 20389 | Lair:3   | Engulfed by a bog body's freezing vapour

Illustrated notes

Levels and vault maps discovered:
D:1:      kennysheep_arrival_seaside, layout_basic,
          ebering_ecumenical_altar_sacrificial
D:2:      layout_loops_ring, serial_shops, nicolae_shop_crystal
D:3:      layout_loops_ring, serial_shops, shop, minmay_misc_feat_square
D:4:      layout_gridville, minmay_temple_entry_antechambers,
          hangedman_decor_riveting, minmay_bent, uniq_robin
D:5:      layout_loops_ring, serial_shops, nicolae_shop_window_shopping,
          serial_bayou_lagoon_a, kennysheep_generic_room_15
D:6:      minmay_clustersquares, layout_cave_pools, dk_noncrumbling_3,
          uniq_sigmund, uniq_crazy_yiuf_cottage
D:7:      layout_rooms, zin_statuary, minmay_misc_feat_doors
D:8:      layout_gridville, nicolae_overflow_hidden_temple, serial_shops,
          nicolae_stop_n_shop_1, david_defended_altar_orc, uniq_maggie
D:9:      layout_basic, uniq_erolcha
D:10:     layout_loops_ring
D:11:     layout_loops_cross, dpeg_lair_monsters
Temple:   hellmonk_temple_divided_pantheon
Lair:1:   gammafunk_lair_enchanted_lake, layout_misc_corridors
Lair:2:   layout_long_grid, dummy_snake_entry, uniq_fannar
Lair:3:   layout_chaotic_city, nicolae_swamp_entry_splash_gauntlet,
          lemuel_old_faithful

Skill      XL: |  1  2  3  4  5  6  7  8  9 10 11 12 13 |
---------------+----------------------------------------+-----
Fighting       | 1 2 3 4 6 8 9 10 11 | 11.7
Stealth        | 2 3 4 |  4.0
Spellcasting   | 3 4 6 7 8 9 10 | 10.9
Short Blades   | 1 2 3 4 6 8 9 |  9.3
Armour         | 3 6 7 9 |  9.5
Dodging        | |  2.1

Action                   |  1- 3 |  4- 6 |  7- 9 | 10-12 | 13-15 || total
-------------------------+-------+-------+-------+-------+-------++-------
Melee: Unarmed           |     1 |       |       |       |       ||     1
       Dagger            |     8 |    70 |   210 |   600 |   245 ||  1133
       Punch             |       |       |     3 |    13 |     3 ||    19
 Fire: Sling             |    29 |       |       |       |       ||    29
 Cast: Shock             |    39 |    81 |    54 |    24 |     3 ||   201
       Slow              |       |     1 |     2 |     1 |     1 ||     5
       Static Discharge  |       |       |     1 |    11 |     3 ||    15
       Airstrike         |       |       |     5 |    66 |    55 ||   126
       Swiftness         |       |       |     2 |     6 |     4 ||    12
       Anguish           |       |       |       |     2 |     1 ||     3
       Summon Forest     |       |       |       |       |     6 ||     6
Evoke: Wand              |       |       |       |     1 |       ||     1
  Use: Scroll            |       |     6 |     2 |    11 |     3 ||    22
       Potion            |       |       |     2 |     8 |     2 ||    12
 Stab: Sleeping          |     1 |     3 |       |     1 |     1 ||     6
       Distracted        |       |       |       |       |     2 ||     2
Armor: Robe              |     3 |       |       |       |       ||     3
       Leather armour    |       |    13 |       |       |       ||    13
       Ring mail         |       |       |    14 |       |       ||    14
       Scale mail        |       |       |   148 |   273 |   139 ||   560
Dodge: Dodged            |    15 |    39 |   114 |   290 |   123 ||   581
Block: Other             |       |       |       |    19 |       ||    19
       Reflection        |       |       |       |     1 |       ||     1
